 Dungeon Crawl Stone Soup version 0.18-a0-1-gfac8111 (webtiles) character file.

1033 Duffy the Slasher (level 8, -3/58 HPs)
             Began as a Formicid Berserker on Oct 30, 2015.
             Was an Elder of Trog.
             Splashed by a jelly's acid (7 damage)
             ... on level 6 of the Dungeon.
             The game lasted 00:09:17 (7493 turns).

Duffy the Slasher (Formicid Berserker)              Turns: 7493, Time: 00:09:17

Health: -3/58      AC: -12   Str: 21    XL:     8   Next: 48%
Magic:  11/12      EV: 10    Int:  8    God:    Trog [****..]
Gold:   252        SH: 10    Dex: 12    Spells: 0 memorised, 7 levels left

rFire  . . .     SeeInvis +     n - +0 long sword
rCold  + . .     Clarity  .     v - +0 ring mail
rNeg   . . .     SustAt   .     r - +0 shield
rPois  .         Gourm    .     (helmet unavailable)
rElec  .         Spirit   .     (no cloak)
rCorr  .         Warding  .     m - +1 pair of gloves
rMut   .         Stasis   +     (no boots)
MR     .....                    u - amulet of faith
Stlth  +.........               w - ring of invisibility
                                q - ring of protection from cold

@: corroded equipment, very slightly contaminated, invisible, not resistant to
hostile enchantments, very unstealthy
A: permanent stasis, dig shafts and tunnels, four strong arms, antennae 3
a: Dig, Shaft Self, Trog's Hand, Brothers in Arms, Burn Spellbooks, Renounce
Religion, Turn Visible


You were on level 6 of the Dungeon.
You worshipped Trog.
Trog was greatly pleased with you.
You were hungry.

You visited 1 branch of the dungeon, and saw 6 of its levels.

You collected 264 gold pieces.
You spent 12 gold pieces at shops.


Innate Abilities, Weirdness & Mutations

You are under a permanent stasis effect.
You can dig through walls and to a lower floor.
Your four strong arms can wield two-handed weapons with a shield.
You have a pair of large antennae on your head (SInv).


   Skills:
 - Level 3.2 Fighting
 + Level 7.1 Long Blades
 - Level 2.1 Armour
 - Level 1.7 Dodging
 + Level 4.8 Shields
 * Level 5.5 Evocations


You had 7 spell levels left.
You didn't know any spells.

Inventory:

Hand Weapons
 a - a +0 falchion
 n - a +0 long sword (weapon)
 D - a +0 falchion of flaming
Missiles
 e - 90 stones (quivered)
Armour
 b - a +0 animal skin
 m - a +1 pair of gloves (worn)
 r - a +0 shield (worn)
 s - a +0 leather armour
 v - a +0 ring mail (worn)
Jewellery
 g - a +4 ring of dexterity
 q - a ring of protection from cold (left hand)
 t - a -3 ring of strength
 u - an amulet of faith (around neck)
 w - a ring of invisibility (right hand)
 x - an uncursed ring of magical power
Wands
 B - a wand of polymorph (7)
 F - a wand of fire (9)
Scrolls
 i - a scroll of blinking {unknown}
 y - a scroll of enchant armour
 z - a scroll of fog {unknown}
 C - a scroll of remove curse
 E - a scroll of enchant weapon {unknown}
Potions
 d - 2 potions of resistance
 j - 3 potions of curing
 k - 2 potions of might
 l - a potion of magic {unknown}
 o - 3 potions of heal wounds
 p - 3 potions of berserk rage {unknown}
 A - a potion of flight {unknown}
 G - a potion of agility {unknown}
Comestibles
 c - 3 bread rations
 f - 2 meat rations
 h - 5 fruits

Dungeon Overview and Level Annotations

Branches:
Dungeon (6/15)
 Temple: D:4-7

Altars:
Elyvilon
Fedhas
Gozag
Makhleb
Xom
Yredelemnul
Jiyva

Shops:
D:5 *

Annotations:
D:4 Duffy's ghost, amateur NaBe


Message History

You hit the jelly but do no damage.
Your hands burn!
The jelly closely misses you.
You fail to use your ability.
The jelly barely misses you.
You fail to use your ability.
The jelly hits you but does no damage.
You fade into invisibility!
You are very lightly contaminated with residual magic.
You are feeling hungry.
You block the jelly's attack.
Okay, then.
You hit the jelly but do no damage.
Your hands burn!
The jelly closely misses you.
You hit the jelly.
Your hands burn!
The jelly is moderately wounded.
The jelly hits you but does no damage.
You hit the jelly.
Your hands burn!
The jelly is moderately wounded.
You block the jelly's attack.
You hit the jelly.
Your hands burn!
The jelly is heavily wounded.
The jelly hits you but does no damage.
You hit the jelly. The acid corrodes you!
Your hands burn!
The jelly is severely wounded.
The jelly hits you.
You are splashed with acid!
The acid corrodes you!
The acid burns!
You hit the jelly. The acid corrodes you!
Your hands burn!
The jelly is severely wounded.
You block the jelly's attack.
You hit the jelly but do no damage.
Your hands burn!
The jelly is severely wounded.
The jelly hits you.
You are splashed with acid!
The acid burns!
You hit the jelly.
Your hands burn!
The jelly is almost dead.
You block the jelly's attack. The jelly hits you.
You are splashed with acid!
The acid corrodes you!
The acid burns!
You die...

##..## ..# ####
##..## ..##
....
##..##+##....##
####
#........#...
#.###.####.# #
#.###.###.# ..
#........# # ##
#######.## .#
##@## .# ##J##
.# #J.#.#####
##!.......
#.J...######
#.....#
#..._.%#
#.......
#......#.


You could see 2 jellies.

Action                   |  1- 3 |  4- 6 |  7- 9 || total
-------------------------+-------+-------+-------++-------
Melee: Falchion          |   123 |    44 |       ||   167
       Long sword        |       |   133 |   229 ||   362
Invok: Trog's Hand       |       |     1 |       ||     1
 Abil: Dig               |       |     3 |     5 ||     8
       Evoke Invisibilit |       |       |     1 ||     1
  Use: Scroll            |       |     7 |     1 ||     8
       Potion            |       |       |     1 ||     1
 Stab: Sleeping          |     2 |     1 |       ||     3
  Eat: Chunk             |     3 |    11 |     8 ||    22

Notes
Turn   | Place    | Note
--------------------------------------------------------------
     0 | D:1      | Duffy the Formicid Berserker began the quest for the Orb.
     0 | D:1      | Reached XP level 1. HP: 18/18 MP: 1/1
    63 | D:1      | Reached XP level 2. HP: 12/24 MP: 2/2
   534 | D:1      | Reached skill level 4 in Long Blades
   534 | D:1      | Reached XP level 3. HP: 25/29 MP: 3/3
   763 | D:1      | Reached ** piety under Trog
  1464 | D:2      | Found a blossoming altar of Fedhas.
  1988 | D:2      | Reached XP level 4. HP: 18/35 MP: 4/4
  2787 | D:3      | Reached skill level 5 in Long Blades
  2800 | D:3      | Reached XP level 5. HP: 9/41 MP: 5/5
  3851 | D:3      | Reached skill level 1 in Shields
  4090 | D:4      | Reached skill level 6 in Long Blades
  4090 | D:4      | Reached skill level 2 in Shields
  4090 | D:4      | Reached XP level 6. HP: 42/47 MP: 6/6
  4109 | D:4      | Found a white marble altar of Elyvilon.
  4347 | D:4      | Noticed Duffy's ghost (amateur NaBe)
  4659 | D:3      | Reached skill level 1 in Evocations
  4733 | D:3      | Reached skill level 3 in Shields
  4808 | D:3      | Found a basalt altar of Yredelemnul.
  5211 | D:5      | Entered Level 5 of the Dungeon
  5238 | D:5      | Reached *** piety under Trog
  5265 | D:5      | Reached skill level 2 in Evocations
  5265 | D:5      | Reached XP level 7. HP: 44/52 MP: 8/8
  5702 | D:5      | Reached skill level 3 in Evocations
  6073 | D:5      | Reached skill level 4 in Shields
  6165 | D:5      | Reached skill level 4 in Evocations
  6370 | D:5      | Found Adim's Serpentskin Sales.
  6370 | D:5      | Noticed a water moccasin
  6379 | D:5      | Killed a water moccasin
  6379 | D:5      | Reached XP level 8. HP: 17/58 MP: 11/11
  6575 | D:5      | Bought a potion of poison for 12 gold pieces
  6809 | D:5      | Found a shimmering altar of Xom.
  6809 | D:5      | Found a burning altar of Makhleb.
  7085 | D:6      | Reached skill level 5 in Evocations
  7115 | D:6      | Reached skill level 7 in Long Blades
  7327 | D:6      | Found an opulent altar of Gozag.
  7464 | D:6      | Found a viscous altar of Jiyva.
  7478 | D:6      | Reached **** piety under Trog
  7493 | D:6      | Splashed by a jelly's acid

Vault maps used:
D:1:      lightli_arrival_statue_moat
D:2:      fedhas_altar_2, minmay_rat_gold_closets
D:3:      yredelemnul_altar_generic
D:4:      wad_woods_tower, kennysheep_mini_moat, minmay_temple_entry_nine_rooms
D:5:      grunt_temple_overflow_champion_of_chaos, serial_aquarium,
          aquarium_bridge_straight, aquarium_window_1, aquarium_window_fake,
          aquarium_window_2, aquarium_view_2a, aquarium_view_2c, first_bread,
          grunt_ministairs_1, guppyfry_shop_venom
D:6:      grunt_gozag_statues, gammafunk_temple_overflow_claw, jiyva_altar_1

Vanquished Creatures
  A water moccasin
  2 ogres
  A giant frog
  2 scorpions
  A giant frog zombie
  A hound
  2 orc priests
  2 crimson imps
  A giant frog skeleton
  2 orc wizards
  A centaur skeleton
  4 worker ants
  8 gnolls
  2 adders
  2 river rats
  3 oozes
  An adder skeleton
  3 worms
  4 giant geckos
  2 orcs
  2 ball pythons
  17 bats
  4 giant cockroaches
  7 hobgoblins
  6 jackals
  2 quokkas
  9 giant newts
  5 goblins
  3 kobolds
  13 rats
  2 fungi
  A plant
116 creatures vanquished.
